 Dungeon Crawl Stone Soup version 0.32-a0-768-g0f6f1dd4b9 (webtiles) character file.

Game seed: 13919069044552132502

156 Xavori the Trooper (level 5, -4/40 HPs)
             Began as a Djinni Chaos Knight on Mar 19, 2024.
             Was a Plaything of Xom.
             Killed by divine providence
             ... invoked by an orc priest
              (13 damage)
             ... on level 4 of the Dungeon.
             The game lasted 00:02:17 (3289 turns).

Xavori the Trooper (Djinni Chaos Knight)            Turns: 3289, Time: 00:02:17

Health: -4/40      AC:  5    Str: 14 (16) XL:     5   Next: 64%
Gold:   143        EV: 11    Int: 18 (19) God:    Xom [....*.] SH:  0 Dex: 14 (16)

rFire   + + .        a - +0 falchion (chaos)
rCold   x . .        (no shield)
rNeg    . . .        b - +2 leather armour
rPois   ∞            (helmet restricted)
rElec   .            f - scarf {+Inv}
rCorr   .            (no gloves)
SInv    +            (boots unavailable)
Will    .....        (no amulet)
Stlth   ++           (no ring)
HPRegen 0.26/turn    (no ring)
MPRegen 0.00/turn

%: infuse magic (-5 HP)
@: flying
A: sickness immunity, fire resistance 2, cold vulnerability 1, float, innate
caster, HP casting, extra vitality 1, antennae 1, thin skeletal structure 1, see
invisible, agile 1, clever 2, strong 2, wild magic 2, MP-powered wands
a: Renounce Religion, Evoke Invisibility


You were on level 4 of the Dungeon.
You worshipped Xom.
You were a beloved toy of Xom.
You visited 1 branch of the dungeon, and saw 4 of its levels.

You collected 143 gold pieces.

Inventory:

Hand Weapons
 a - a +0 falchion of chaos (weapon)
Armour
 b - a +2 leather armour (worn)
 f - a scarf of invisibility (worn)
Scrolls
 c - a scroll of butterflies
 d - 4 scrolls of identify
 e - a scroll of acquirement {unknown}
 h - a scroll of immolation {unknown}
 j - a scroll of fog {unknown}
 k - 2 scrolls of teleportation
Potions
 i - a potion of brilliance {unknown}
 l - a potion of curing {unknown}


   Skills:
 + Level 3.5 Fighting
 + Level 3.1 Long Blades
 + Level 2.0 Armour
 + Level 2.9 Dodging
 * Level 1.7 Spellcasting
 * Level 1.7 Conjurations
 * Level 1.7 Hexes
   Level 0.0 Charms
 * Level 1.7 Summonings
 * Level 1.7 Necromancy
 * Level 1.7 Translocations
   Level 0.0 Transmutations
 * Level 1.7 Fire Magic
 * Level 1.7 Ice Magic
 * Level 1.7 Air Magic
 * Level 1.7 Earth Magic
 * Level 1.7 Alchemy
 * Level 1.5 Evocations


You knew the following spells:

 Your Spells              Type           Power      Damage    Failure   Level
a - Sting                 Conj/Alch      48%        1d6       24%         1
b - Mercury Vapours       Alch/Air       24%        N/A       32%         2
Your spell library was empty.

Dungeon Overview and Level Annotations

Branches:
Dungeon (4/15)
 Temple: D:4-7

Altars:
The Shining One

Annotations:
D:4 1 runed translucent door, ezpacito's ghost, amateur CoCK


Innate Abilities, Weirdness & Mutations

You are immune to sickness and miasma.
You are immune to poison.
Your flesh is very heat resistant. (rF++)
You are vulnerable to cold. (rC-)
You float through the air rather than walking.
You learn spells naturally, not from books.
Your magical power is your life essence.
You have superior vitality. (+4 MHP)
You have a pair of small antennae on your head.
You have a somewhat thin skeletal structure. (Dex +2, Stealth+)
You have supernaturally acute eyesight. (SInv)
You are agile. (Dex +4, Str/Int -1)
Your mind is very acute. (Int +8, Str/Dex -2)
Your muscles are very strong. (Str +8, Int/Dex -2)
Your spells are harder to cast, but more powerful.
You expend health (3 HP) to strengthen your wands.


Message History

Found a stone staircase leading up.
No target in view!
No target in view!
No target in view!
Unknown command.
No target in view!
Found a whip.
No target in view!
An orc and an orc priest come into view.
There are monsters nearby!
An orc priest comes into view. It is wielding a +0 club.
Found a glowing silvery potion.
There are monsters nearby!
There are monsters nearby!
An orc comes into view. It is wielding a +0 short sword.
The orc shouts! x2; The orc priest shouts!
The orc priest invokes the aid of Beogh against you.
Beogh smites you!
You hit the orc priest.
The orc priest convulses.
The orc priest is moderately wounded.
The orc priest invokes the aid of Beogh against you.
Beogh smites you!
* * * LOW HITPOINT WARNING * * *
You are too injured to fight recklessly!
You are too injured to fight recklessly!
You aren't carrying any items that you can evoke.
Unknown command.
It was a potion of degeneration.
There was something very wrong with that liquid.
You feel weakened.
You feel dopey.
You feel clumsy.
Xom roars with laughter!
The orc priest hits you with a +0 club.
* * * LOW HITPOINT WARNING * * *
As you read the scroll labelled XAT LEBIYRIE, it crumbles to dust.
It is a scroll of identify.
k - 2 scrolls of teleportation The orc priest mumbles some strange prayers to Beogh against you.
Beogh smites you!
You die...
Xom thinks this is hilarious!

#.# #.# #.# #o#
#o# # #o# #.#
#o# ..##@##
#.#...####.
#.#.#....!.
###....#####.
#.......#
#$#....## ###
### #
#.#.######.#...
#..........#.#
##...####...)#


You could see 2 orc priests and 2 orcs.

Vanquished Creatures
  An orc wizard (D:3)
  6 adders
  4 dart slugs
  2 ribbon worms
  7 orcs
  2 endoplasms (D:1)
  9 goblins
  5 hobgoblins
  8 kobolds
  A quokka (D:1)
  2 ball pythons
  4 bats
  4 frilled lizards
  5 rats
60 creatures vanquished.

Vanquished Creatures (collateral kills)
  A giant cockroach (D:1)
1 creature vanquished.

Grand Total: 61 creatures vanquished

Notes
Turn   | Place    | Note
-------+----------+-------------------------------------------
     0 | D:1      | Xavori the Djinni Chaos Knight began the quest for the Orb.
     0 | D:1      | Reached XP level 1. HP: 20/20 MP: 0/0
    96 | D:1      | Reached XP level 2. HP: 24/25 MP: 0/0
   196 | D:1      | Found a faded altar of an unknown god.
   218 | D:1      | XOM: silly message
   333 | D:1      | XOM: silly message
   564 | D:1      | XOM: give mutation
   564 | D:1      | Gained mutation: You expend health (3 HP) to strengthen
                  | your wands. [Xom's mischief]
   632 | D:1      | Reached XP level 3. HP: 30/30 MP: 0/0
   632 | D:1      | Learned a level 1 spell: Sting
  1356 | D:1      | XOM: give mutations
  1540 | D:1      | XOM: give mutations
  1540 | D:1      | Gained mutation: Your spells are a little harder to cast,
                  | but a little more powerful. [Xom's grace]
  1540 | D:1      | Gained mutation: You have a pair of small antennae on your
                  | head. [Xom's grace]
  1540 | D:1      | Gained mutation: You are agile. (Dex +4, Str/Int -1) [Xom's
                  | grace]
  1540 | D:1      | Gained mutation: Your muscles are strong. (Str +4, Int/Dex
                  | -1) [Xom's grace]
  1660 | D:1      | XOM: give mutations
  1660 | D:1      | Gained mutation: Your mind is acute. (Int +4, Str/Dex -1)
                  | [Xom's grace]
  1660 | D:1      | Gained mutation: Your spells are harder to cast, but more
                  | powerful. [Xom's grace]
  1660 | D:1      | Gained mutation: You have a somewhat thin skeletal
                  | structure. (Dex +2, Stealth+) [Xom's grace]
  1845 | D:1      | XOM: give mutations
  1845 | D:1      | Gained mutation: Your muscles are very strong. (Str +8,
                  | Int/Dex -2) [Xom's grace]
  1845 | D:1      | Gained mutation: Your mind is very acute. (Int +8, Str/Dex
                  | -2) [Xom's grace]
  1845 | D:1      | Gained mutation: You have supernaturally acute eyesight.
                  | (SInv) [Xom's grace]
  1964 | D:2      | Reached skill level 1 in Spellcasting
  1964 | D:2      | Reached skill level 1 in Conjurations
  1964 | D:2      | Reached skill level 1 in Hexes
  1964 | D:2      | Reached skill level 1 in Summonings
  1964 | D:2      | Reached skill level 1 in Necromancy
  1964 | D:2      | Reached skill level 1 in Translocations
  1964 | D:2      | Reached skill level 1 in Fire Magic
  1964 | D:2      | Reached skill level 1 in Ice Magic
  1964 | D:2      | Reached skill level 1 in Air Magic
  1964 | D:2      | Reached skill level 1 in Earth Magic
  1964 | D:2      | Reached skill level 1 in Alchemy
  2105 | D:2      | XOM: smoke on damage
  2111 | D:2      | Reached XP level 4. HP: 28/35 MP: 0/0
  2475 | D:3      | XOM: polymorph orc -> frilled lizard
  2480 | D:3      | Reached skill level 1 in Evocations
  2509 | D:3      | XOM: 1-stop teleportation journey
  2568 | D:3      | XOM: polymorph rat -> kobold
  2574 | D:3      | Reached XP level 5. HP: 29/40 MP: 0/0
  2574 | D:3      | Learned a level 2 spell: Mercury Vapours
  2867 | D:3      | Found a glowing golden altar of the Shining One.
  3239 | D:4      | Found a runed translucent door.
  3245 | D:4      | Noticed ezpacito's ghost (amateur CoCK)
  3289 | D:4      | Killed from afar by an orc priest

Illustrated notes

Levels and vault maps discovered:
D:1:      dpeg_arrival_arbitrary_a, layout_basic,
          hellmonk_ecumenical_altar_heavens_door
D:2:      layout_rooms
D:3:      layout_rooms, mainiacjoe_overflow_catwalk
D:4:      layout_loops_ring, lemuel_zombie_altar_yredelemnul,
          gammafunk_temple_overflow_elements, temple_pool_b,
          ebering_ghost_sewer_d

Skill      XL: |  1  2  3  4  5 |
---------------+----------------+-----
Spellcasting   | 1 |  1.7
Conjurations   | 1 |  1.7
Hexes          | 1 |  1.7
Summonings     | 1 |  1.7
Necromancy     | 1 |  1.7
Translocations | 1 |  1.7
Fire Magic     | 1 |  1.7
Ice Magic      | 1 |  1.7
Air Magic      | 1 |  1.7
Earth Magic    | 1 |  1.7
Alchemy        | 1 |  1.7
Long Blades    | 3 |  3.1
Evocations     | 1 |  1.5
Armour         | 2 |  2.0
Fighting       | |  3.5
Dodging        | |  2.9

Action                     |  1- 3 |  4- 6 || total
---------------------------+-------+-------++-------
  Melee: Falchion          |    70 |    94 ||   164
    Use: Scroll            |       |     1 ||     1
         Potion            |       |     1 ||     1
   Stab: Sleeping          |     3 |     3 ||     6
         Paralysed         |       |     1 ||     1
 Armour: Leather armour    |    48 |    63 ||   111
  Dodge: Dodged            |    32 |    65 ||    97

Table legend: (Time is in decaauts)
 A = Elapsed time spent in this place.
 B = Non-inter-level travel time spent in this place.
 C = Inter-level travel time spent in this place.
 D = Time resting spent in this place.
 E = Time spent auto-exploring this place.
 F = Levels seen in this place.
 G = Mean time per level.
                   A        B        C        D        E       F      G
               +--------+--------+--------+--------+--------+-----+--------+
         Total |   3313 |   3280 |     33 |   1296 |   1535 |   4 |  828.2 |
       Dungeon |   3313 |   3280 |     33 |   1296 |   1535 |   4 |  828.2 |
               +--------+--------+--------+--------+--------+-----+--------+

Top non-repeatable levels by time:
     D:1: 1951 daAuts
     D:3: 559 daAuts
     D:2: 528 daAuts
     D:4: 275 daAuts
